TOP OF THE 1ST |
Johnson City Cardinals batting - Pitching for Miami (APP) Marlins : LHP Gavrilo Brkic
|
Pitching: LHP Gavrilo Brkic
|
|
Batting: RHB Mario Mendoza
|
0-0: Ball 1-0: Foul Ball, location: 2F 1-1: SOLO HOME RUN (Flyball, 7D, EV 96.3 MPH), Distance : 379 ft
|
Batting: RHB Tim Cleary
|
0-0: Called Strike 0-1: Called Strike 0-2: Foul Ball, location: 2F 0-2: Ball 1-2: Foul Ball, location: 2F 1-2: Ball 2-2: Ball 3-2: SINGLE (Groundball, 6MD, EV 115.0 MPH) (infield hit)
|
Batting: SHB Jason Kirby
|
0-0: Ball 1-0: Called Strike 1-1: Foul Ball, location: 2F 1-2: Foul Ball, location: 2F 1-2: Ball 2-2: SINGLE (Line Drive, 4MD, EV 96.9 MPH) Tim Cleary to second Runner from 2nd tries for 3rd, OUT! 8-5
|
Batting: RHB Joe Alley
|
0-0: Ball 1-0: Called Strike 1-1: Ball 2-1: Called Strike 2-2: Fly out, F7 (Line Drive, 7, EV 91.9 MPH)
|
Batting: RHB Pat Scaturro
|
0-0: Ball 1-0: Ball 2-0: Ground out 4-3 (Groundball, 4, EV 81.9 MPH)
|
Top of the 1st over - 1 run, 3 hits, 0 errors, 1 left on base; Johnson City 1 - Miami (APP) 0 |
BOTTOM OF THE 1ST |
Miami (APP) Marlins batting - Pitching for Johnson City Cardinals : RHP Casey Cogdill
|
Pitching: RHP Casey Cogdill
|
|
Batting: RHB Jason Thrash
|
0-0: Ball 1-0: Ground out 4-3 (Groundball, 34, EV 86.3 MPH)
|
Batting: RHB Adrian Bocker
|
0-0: Ball 1-0: Foul Ball, location: 2F 1-1: Ball 2-1: Ball 3-1: Foul Ball, location: 2F 3-2: Strikes out swinging
|
Batting: RHB Mario Cota
|
0-0: Ball 1-0: Foul Ball, location: 2F 1-1: Fly out, F4 (Line Drive, 4, EV 76.3 MPH)
|
Bottom of the 1st over - 0 runs, 0 hits, 0 errors, 0 left on base; Johnson City 1 - Miami (APP) 0 |
TOP OF THE 2ND |
Johnson City Cardinals batting - Pitching for Miami (APP) Marlins : LHP Gavrilo Brkic
|
Batting: RHB Josh Broome
|
0-0: Called Strike 0-1: Ground out 6-3 (Groundball, 6MD, EV 83.1 MPH)
|
Batting: RHB Austin Akers
|
0-0: Ball 1-0: Ball 2-0: SINGLE (Flyball, 8RS, EV 97.5 MPH)
|
Batting: RHB Fortunato Fteira
|
0-0: 2-RUN HOME RUN (Flyball, 78XD, EV 103.8 MPH), Distance : 429 ft
|
Batting: RHB Geoff Musico
|
0-0: Called Strike 0-1: Foul Ball, location: 2F 0-2: Ball 1-2: Strikes out swinging
|
Batting: RHB Mario Mendoza
|
0-0: Ball 1-0: SINGLE (Groundball, 56D, EV 101.9 MPH)
|
Batting: RHB Tim Cleary
|
0-0: Ball 1-0: SINGLE (Groundball, 6M, EV 100.6 MPH) Mario Mendoza to second Runner from 2nd tries for 3rd, OUT after rundown.
|
Top of the 2nd over - 2 runs, 4 hits, 0 errors, 1 left on base; Johnson City 3 - Miami (APP) 0 |
BOTTOM OF THE 2ND |
Miami (APP) Marlins batting - Pitching for Johnson City Cardinals : RHP Casey Cogdill
|
Batting: SHB Matt Moore
|
0-0: Swinging Strike 0-1: Called Strike 0-2: Strikes out looking
|
Batting: RHB Matt Alexander
|
0-0: Foul Ball, location: 2F 0-1: Ball 1-1: Swinging Strike 1-2: Ball 2-2: Strikes out looking
|
Batting: RHB Keith Bennett
|
0-0: Ball 1-0: Called Strike 1-1: Called Strike 1-2: Strikes out swinging
|
Bottom of the 2nd over - 0 runs, 0 hits, 0 errors, 0 left on base; Johnson City 3 - Miami (APP) 0 |
TOP OF THE 3RD |
Johnson City Cardinals batting - Pitching for Miami (APP) Marlins : LHP Gavrilo Brkic
|
Batting: SHB Jason Kirby
|
0-0: Ball 1-0: Foul Ball, location: 2F 1-1: Swinging Strike 1-2: Foul Ball, location: 2F 1-2: Foul Ball, location: 2F 1-2: Ball 2-2: SINGLE (Groundball, 6MD, EV 103.1 MPH)
|
Batting: RHB Joe Alley
|
0-0: Called Strike 0-1: Ball 1-1: Ball 2-1: Swinging Strike 2-2: Ball 3-2: Fly out, F4 (Line Drive, 4, EV 71.3 MPH) Lined into DP, 4-3 (Line Drive, 4, EV 73.8 MPH)
|
Batting: RHB Pat Scaturro
|
0-0: Ball 1-0: Ball 2-0: Ball 3-0: Base on Balls
|
Batting: RHB Josh Broome
|
0-0: SINGLE (Groundball, 25, EV 63.1 MPH) (infield hit) Pat Scaturro to second
|
Batting: RHB Austin Akers
|
0-0: Ball 1-0: Ball 2-0: Called Strike 2-1: Ball 3-1: Base on Balls Pat Scaturro to third Josh Broome to second
|
Batting: RHB Fortunato Fteira
|
0-0: Foul Ball, location: 2F 0-1: Called Strike 0-2: Ball 1-2: Strikes out swinging
|
Top of the 3rd over - 0 runs, 2 hits, 0 errors, 3 left on base; Johnson City 3 - Miami (APP) 0 |
BOTTOM OF THE 3RD |
Miami (APP) Marlins batting - Pitching for Johnson City Cardinals : RHP Casey Cogdill
|
Batting: RHB Rick Knoblauch
|
0-0: Ball 1-0: Ball 2-0: Ball 3-0: Called Strike 3-1: Foul Ball, location: 2F 3-2: SINGLE (Groundball, 6MD, EV 101.3 MPH)
|
Batting: LHB Melvin Castro
|
0-0: Ball 1-0: Called Strike 1-1: Called Strike 1-2: Strikes out swinging
|
Batting: LHB Bryan Wedge
|
0-0: Bunted foul 0-1: Ball 1-1: Ball 2-1: Sac Bunt to P - play at first, batter OUT! 1-4 Rick Knoblauch to second
|
Batting: RHB Jason Thrash
|
0-0: Called Strike 0-1: Ground out 6-3 (Groundball, 6, EV 85.0 MPH)
|
Bottom of the 3rd over - 0 runs, 1 hit, 0 errors, 1 left on base; Johnson City 3 - Miami (APP) 0 |
TOP OF THE 4TH |
Johnson City Cardinals batting - Pitching for Miami (APP) Marlins : LHP Gavrilo Brkic
|
Batting: RHB Geoff Musico
|
0-0: SINGLE (Line Drive, 7LS, EV 108.1 MPH)
|
Batting: RHB Mario Mendoza
|
0-0: Called Strike 0-1: Called Strike 0-2: Ball 1-2: Foul Ball, location: 2F 1-2: Ball 2-2: Ball 3-2: Fielders Choice at 2nd, 5-4 (Groundball, 5, EV 99.4 MPH)
|
Batting: RHB Tim Cleary
|
0-0: Ball Mario Mendoza steals 2nd base 1-0: Ball 2-0: Foul Ball, location: 2F 2-1: DOUBLE (Line Drive, 9LM, EV 106.3 MPH) Mario Mendoza scores
|
Batting: SHB Jason Kirby
|
0-0: Foul Ball, location: 2F 0-1: Ball 1-1: Swinging Strike 1-2: Ball 2-2: Single, Error in OF, E7, batter to second base (Groundball, 56D, EV 97.5 MPH) Tim Cleary scores
|
Pitching: LHP Tyler Murders
|
|
Batting: RHB Joe Alley
|
0-0: Called Strike 0-1: Ball Passed Ball! Jason Kirby to third 1-1: Swinging Strike 1-2: Strikes out swinging
|
Batting: RHB Pat Scaturro
|
0-0: Ball 1-0: Ball 2-0: Called Strike 2-1: Foul Ball, location: 2F 2-2: SINGLE (Groundball, 13S, EV 66.9 MPH) (infield hit) Jason Kirby scores
|
Batting: RHB Josh Broome
|
0-0: Called Strike 0-1: 2-RUN HOME RUN (Flyball, 7LD, EV 103.1 MPH), Distance : 375 ft
|
Batting: RHB Austin Akers
|
0-0: Swinging Strike 0-1: Ball 1-1: Ball 2-1: Called Strike 2-2: Ball 3-2: Base on Balls
|
Batting: RHB Fortunato Fteira
|
0-0: Ball Austin Akers is caught stealing 2nd base 2-4
|
Top of the 4th over - 5 runs, 5 hits, 1 error, 0 left on base; Johnson City 8 - Miami (APP) 0 |
BOTTOM OF THE 4TH |
Miami (APP) Marlins batting - Pitching for Johnson City Cardinals : RHP Casey Cogdill
|
Batting: RHB Adrian Bocker
|
0-0: Ball 1-0: Ground out 6-3 (Groundball, 6, EV 96.9 MPH)
|
Batting: RHB Mario Cota
|
0-0: Ball 1-0: Ball 2-0: Called Strike 2-1: Ball 3-1: Base on Balls
|
Batting: SHB Matt Moore
|
0-0: Ball 1-0: Called Strike 1-1: Swinging Strike 1-2: Ball 2-2: Ball 3-2: Strikes out swinging
|
Batting: RHB Matt Alexander
|
0-0: Fly out, F7 (Flyball, 7LS, EV 83.8 MPH)
|
Bottom of the 4th over - 0 runs, 0 hits, 0 errors, 1 left on base; Johnson City 8 - Miami (APP) 0 |
TOP OF THE 5TH |
Johnson City Cardinals batting - Pitching for Miami (APP) Marlins : LHP Tyler Murders
|
Batting: RHB Fortunato Fteira
|
0-0: Called Strike 0-1: Ball 1-1: Ball 2-1: SINGLE (Groundball, 23, EV 60.6 MPH) (infield hit)
|
Batting: RHB Geoff Musico
|
0-0: Foul Ball, location: 2F 0-1: Foul Ball, location: 2F 0-2: DOUBLE (Flyball, 8RXD, EV 100.6 MPH) Fortunato Fteira to third Runner from 3rd tries for Home, SAFE, throw by CF to trailing runner, SAFE at third!
|
Batting: RHB Mario Mendoza
|
0-0: Called Strike 0-1: Foul Ball, location: 2F 0-2: Ball 1-2: Ball 2-2: Ground out 6-3 (Groundball, 56, EV 83.1 MPH) Geoff Musico scores
|
Pitching: LHP Mike Wasson
|
|
Batting: RHB Tim Cleary
|
0-0: Called Strike 0-1: SINGLE (Groundball, 6MD, EV 110.6 MPH)
|
Batting: SHB Jason Kirby
|
0-0: Foul Ball, location: 2F 0-1: Foul Ball, location: 2F 0-2: Foul Ball, location: 2F 0-2: Ball 1-2: Ball 2-2: Ball 3-2: Base on Balls Tim Cleary to second
|
Batting: RHB Joe Alley
|
0-0: SINGLE (Groundball, 5D, EV 98.1 MPH) Tim Cleary to third Jason Kirby to second Runner from 3rd tries for Home, SAFE, throw by LF to home
|
Batting: RHB Pat Scaturro
|
0-0: Ball 1-0: Ball 2-0: Foul Ball, location: 2F 2-1: Ball 3-1: Foul Ball, location: 2F 3-2: Foul Ball, location: 2F 3-2: Foul Ball, location: 2F 3-2: Base on Balls Jason Kirby to third Joe Alley to second
|
Pitching: RHP Adam Brown
|
|
Batting: RHB Josh Broome
|
0-0: Foul Ball, location: 2F 0-1: Ball 1-1: Swinging Strike 1-2: Ball 2-2: Foul Ball, location: 2F 2-2: Strikes out swinging
|
Batting: RHB Austin Akers
|
0-0: Foul Ball, location: 2F 0-1: Foul Ball, location: 2F 0-2: Foul Ball, location: 2F 0-2: Ball 1-2: SINGLE (Line Drive, 9LM, EV 105.6 MPH) Jason Kirby scores Joe Alley to third Pat Scaturro to second Runner from 3rd tries for Home, SAFE, throw by RF to home
|
Batting: RHB Fortunato Fteira
|
0-0: Ball 1-0: Ball 2-0: Foul Ball, location: 2F 2-1: Ground out U3 (Groundball, 13, EV 77.5 MPH)
|
Top of the 5th over - 5 runs, 5 hits, 0 errors, 2 left on base; Johnson City 13 - Miami (APP) 0 |
BOTTOM OF THE 5TH |
Miami (APP) Marlins batting - Pitching for Johnson City Cardinals : RHP Casey Cogdill
|
Batting: RHB Keith Bennett
|
0-0: Foul Ball, location: 2F 0-1: Ball 1-1: Foul Ball, location: 2F 1-2: Ball 2-2: Strikes out swinging
|
Batting: RHB Rick Knoblauch
|
0-0: Ball 1-0: Called Strike 1-1: Ball 2-1: Ball 3-1: Foul Ball, location: 2F 3-2: Foul Ball, location: 2F 3-2: Strikes out swinging
|
Batting: LHB Melvin Castro
|
0-0: Called Strike 0-1: Ball 1-1: Swinging Strike 1-2: Strikes out swinging
|
Bottom of the 5th over - 0 runs, 0 hits, 0 errors, 0 left on base; Johnson City 13 - Miami (APP) 0 |
TOP OF THE 6TH |
Johnson City Cardinals batting - Pitching for Miami (APP) Marlins : RHP Adam Brown
|
Batting: RHB Geoff Musico
|
0-0: Swinging Strike 0-1: Called Strike 0-2: SINGLE (Groundball, 56, EV 108.8 MPH) (infield hit)
|
Pitching: RHP Jeremy Akande
|
|
Batting: RHB Mario Mendoza
|
0-0: Called Strike 0-1: Swinging Strike 0-2: Strikes out looking
|
Batting: RHB Tim Cleary
|
0-0: Ball 1-0: Ball Passed Ball! Geoff Musico to second 2-0: Ball 3-0: Base on Balls
|
Batting: SHB Jason Kirby
|
0-0: Foul Ball, location: 2F 0-1: Ball 1-1: Ball 2-1: Ball 3-1: Base on Balls Geoff Musico to third Tim Cleary to second
|
Batting: RHB Joe Alley
|
0-0: Ball 1-0: Foul Ball, location: 2F 1-1: Swinging Strike 1-2: Ball 2-2: Foul Ball, location: 2F 2-2: Ball 3-2: SINGLE (Groundball, 56D, EV 107.5 MPH) Geoff Musico scores Tim Cleary to third Jason Kirby to second Throwing error, E7 Tim Cleary scores Jason Kirby to third Joe Alley to second
|
Batting: RHB Pat Scaturro
|
0-0: Fly out, F9 (Line Drive, 9, EV 91.3 MPH) Runner from 3rd tags up, SCORES, no throw by RF
|
Batting: RHB Josh Broome
|
0-0: Ball 1-0: Called Strike 1-1: Foul Ball, location: 2F 1-2: Foul Ball, location: 2F 1-2: Ball 2-2: Strikes out swinging
|
Top of the 6th over - 3 runs, 2 hits, 1 error, 1 left on base; Johnson City 16 - Miami (APP) 0 |
BOTTOM OF THE 6TH |
Miami (APP) Marlins batting - Pitching for Johnson City Cardinals : RHP Casey Cogdill
|
Batting: LHB Bryan Wedge
|
0-0: Ball 1-0: Called Strike 1-1: Ground out U3 (Groundball, 34, EV 87.5 MPH)
|
Batting: RHB Jason Thrash
|
0-0: Called Strike 0-1: Ground out 6-3 (Groundball, 6, EV 86.9 MPH)
|
Batting: RHB Adrian Bocker
|
0-0: Called Strike 0-1: Ball 1-1: Ball 2-1: Swinging Strike 2-2: Ball 3-2: Strikes out swinging
|
Bottom of the 6th over - 0 runs, 0 hits, 0 errors, 0 left on base; Johnson City 16 - Miami (APP) 0 |
TOP OF THE 7TH |
Johnson City Cardinals batting - Pitching for Miami (APP) Marlins : RHP Jeremy Akande
|
Batting: RHB Austin Akers
|
0-0: Fly out, F7 (Flyball, 7, EV 93.1 MPH)
|
Batting: RHB Fortunato Fteira
|
0-0: Ball 1-0: Foul Ball, location: 2F 1-1: Ball 2-1: SINGLE (Line Drive, 9S, EV 102.5 MPH)
|
Batting: RHB Geoff Musico
|
0-0: Ball 1-0: Foul Ball, location: 2F 1-1: Foul Ball, location: 2F 1-2: Ball 2-2: Strikes out swinging
|
Batting: RHB Mario Mendoza
|
0-0: Ball 1-0: Called Strike 1-1: Reached on error, E5 (Groundball, 15, EV 86.3 MPH) Fortunato Fteira to third
|
Batting: RHB Tim Cleary
|
0-0: Ball 1-0: Ball 2-0: Ball Wild Pitch! Fortunato Fteira scores Mario Mendoza to third 3-0: Base on Balls
|
Batting: SHB Jason Kirby
|
0-0: Ball 1-0: Foul Ball, location: 2F 1-1: Ball 2-1: Ground out 1-3 (Groundball, 13S, EV 66.3 MPH)
|
Top of the 7th over - 1 run, 1 hit, 1 error, 2 left on base; Johnson City 17 - Miami (APP) 0 |
BOTTOM OF THE 7TH |
Miami (APP) Marlins batting - Pitching for Johnson City Cardinals : RHP Casey Cogdill
|
Batting: RHB Mario Cota
|
0-0: Ball 1-0: SINGLE (Line Drive, 4D, EV 108.1 MPH)
|
Batting: SHB Matt Moore
|
0-0: DOUBLE (Line Drive, 9LS, EV 96.3 MPH) Mario Cota to third
|
Batting: RHB Matt Alexander
|
0-0: Ball 1-0: Foul Ball, location: 2F 1-1: Foul Ball, location: 2F 1-2: Ball 2-2: Strikes out looking
|
Batting: RHB Keith Bennett
|
0-0: Foul Ball, location: 2F 0-1: Called Strike 0-2: Ball 1-2: Ball 2-2: Foul Ball, location: 2F 2-2: Ball 3-2: Ground out 3-1 (Groundball, 34, EV 110.6 MPH) Mario Cota scores Matt Moore to third
|
Pitching: RHP Joe Cornell
|
|
Batting: RHB Rick Knoblauch
|
0-0: Foul Ball, location: 2F 0-1: Ball 1-1: Ball 2-1: Called Strike 2-2: Strikes out swinging
|
Bottom of the 7th over - 1 run, 2 hits, 0 errors, 1 left on base; Johnson City 17 - Miami (APP) 1 |
TOP OF THE 8TH |
Johnson City Cardinals batting - Pitching for Miami (APP) Marlins : RHP Jeremy Akande
|
Batting: RHB Joe Alley
|
0-0: Foul Ball, location: 2F 0-1: Ball 1-1: Ball 2-1: Ball 3-1: Foul Ball, location: 2F 3-2: Base on Balls
|
Batting: RHB Pat Scaturro
|
0-0: Called Strike 0-1: Called Strike 0-2: SINGLE (Line Drive, 7S, EV 100.0 MPH) Joe Alley to second
|
Batting: RHB Josh Broome
|
0-0: Called Strike 0-1: Swinging Strike 0-2: Foul Ball, location: 2F 0-2: Ball 1-2: Foul Ball, location: 2F 1-2: Ball 2-2: Ball 3-2: Base on Balls Joe Alley to third Pat Scaturro to second
|
Batting: RHB Austin Akers
|
0-0: Ball 1-0: Ball 2-0: Called Strike 2-1: Ball 3-1: Base on Balls Joe Alley scores Pat Scaturro to third Josh Broome to second
|
Batting: RHB Fortunato Fteira
|
0-0: Called Strike 0-1: Foul Ball, location: 2F 0-2: Ball 1-2: Ball 2-2: Foul Ball, location: 2F 2-2: Ball 3-2: SINGLE (Flyball, 3D, EV 93.8 MPH) Pat Scaturro scores Josh Broome to third Austin Akers to second
|
Batting: RHB Geoff Musico
|
0-0: Ball 1-0: Ball 2-0: Foul Ball, location: 2F 2-1: Swinging Strike 2-2: Ball 3-2: Foul Ball, location: 2F 3-2: Strikes out swinging
|
Batting: RHB Mario Mendoza
|
0-0: Ball 1-0: Foul Ball, location: 2F 1-1: SINGLE (Groundball, 56S, EV 62.5 MPH) (infield hit) Josh Broome scores Austin Akers to third Fortunato Fteira to second
|
Batting: RHB Tim Cleary
|
0-0: DOUBLE (Line Drive, 89M, EV 90.6 MPH) Austin Akers scores Fortunato Fteira scores Mario Mendoza to third
|
Batting: SHB Jason Kirby
|
0-0: Ball 1-0: Ball 2-0: Ball 3-0: Base on Balls
|
Batting: RHB Joe Alley
|
0-0: Ball 1-0: SINGLE (Flyball, 6MD, EV 88.1 MPH) Mario Mendoza scores Tim Cleary to third Jason Kirby to second
|
Batting: RHB Pat Scaturro
|
0-0: Ball 1-0: Ball 2-0: Ball 3-0: Called Strike 3-1: Base on Balls Tim Cleary scores Jason Kirby to third Joe Alley to second
|
Batting: RHB Josh Broome
|
0-0: Ball 1-0: Ball 2-0: Ball 3-0: Called Strike 3-1: Base on Balls Jason Kirby scores Joe Alley to third Pat Scaturro to second
|
Batting: RHB Austin Akers
|
0-0: Ball 1-0: Called Strike 1-1: Ball 2-1: Swinging Strike 2-2: Foul Ball, location: 2F 2-2: Strikes out looking
|
Batting: RHB Fortunato Fteira
|
0-0: Ball 1-0: Ball 2-0: Called Strike 2-1: Ball 3-1: Called Strike 3-2: Foul Ball, location: 2F 3-2: Base on Balls Joe Alley scores Pat Scaturro to third Josh Broome to second
|
Batting: RHB Geoff Musico
|
0-0: SINGLE (Flyball, 89S, EV 90.0 MPH) Pat Scaturro scores Josh Broome to third Fortunato Fteira to second Runner from 3rd tries for Home, throw by RF and OUT! 9-2
|
Top of the 8th over - 10 runs, 6 hits, 0 errors, 2 left on base; Johnson City 27 - Miami (APP) 1 |
BOTTOM OF THE 8TH |
Miami (APP) Marlins batting - Pitching for Johnson City Cardinals : RHP Joe Cornell
|
Batting: LHB Melvin Castro
|
0-0: Ball 1-0: Called Strike 1-1: Ball 2-1: Swinging Strike 2-2: Strikes out swinging
|
Batting: LHB Bryan Wedge
|
0-0: Foul Ball, location: 2F 0-1: Called Strike 0-2: Strikes out swinging
|
Batting: RHB Jason Thrash
|
0-0: Called Strike 0-1: Foul Ball, location: 2F 0-2: Foul Ball, location: 2F 0-2: Foul Ball, location: 2F 0-2: Ball 1-2: Ball 2-2: Ground out 6-3 (Groundball, 6, EV 77.5 MPH)
|
Bottom of the 8th over - 0 runs, 0 hits, 0 errors, 0 left on base; Johnson City 27 - Miami (APP) 1 |
TOP OF THE 9TH |
Johnson City Cardinals batting - Pitching for Miami (APP) Marlins : RHP Jeremy Akande
|
Batting: RHB Mario Mendoza
|
0-0: Ball 1-0: Called Strike 1-1: Ball 2-1: Ball 3-1: Foul Ball, location: 2F 3-2: Base on Balls
|
Batting: RHB Tim Cleary
|
0-0: Fielders Choice at 2nd, 1-6 (Groundball, 13S, EV 71.3 MPH)
|
Batting: SHB Jason Kirby
|
0-0: Reached on error, E4 (Groundball, 4, EV 83.8 MPH) Tim Cleary to second
|
Batting: RHB Joe Alley
|
0-0: Fly out, F9 (Line Drive, 9, EV 91.9 MPH)
|
Batting: RHB Pat Scaturro
|
0-0: Fielders Choice at 2nd, 6-4 (Groundball, 6, EV 99.4 MPH)
|
Top of the 9th over - 0 runs, 0 hits, 1 error, 2 left on base; Johnson City 27 - Miami (APP) 1 |
BOTTOM OF THE 9TH |
Miami (APP) Marlins batting - Pitching for Johnson City Cardinals : RHP Joe Cornell
|
Batting: RHB Adrian Bocker
|
0-0: Ball 1-0: Ball 2-0: Ball 3-0: Called Strike 3-1: Base on Balls
|
Batting: RHB Mario Cota
|
0-0: Grounds into double play, 6-4-3 (Groundball, 6, EV 79.4 MPH)
|
Batting: SHB Matt Moore
|
0-0: Called Strike 0-1: Foul Ball, location: 2F 0-2: Ball 1-2: Ball 2-2: Ball 3-2: SINGLE (Line Drive, 78S, EV 92.5 MPH)
|
Batting: RHB Matt Alexander
|
0-0: Ball 1-0: Foul Ball, location: 2F 1-1: Called Strike 1-2: Strikes out swinging
|
Bottom of the 9th over - 0 runs, 1 hit, 0 errors, 1 left on base; Johnson City 27 - Miami (APP) 1 |
|